 Dungeon Crawl Stone Soup version 0.29.1-15-g9cfb28693d (webtiles) character file.

Game seed: 13092061395788678366

25 Racksonjoss101 the Firebug (level 2, 0/19 HPs)
             Began as a Demonspawn Fire Elementalist on Mar 2, 2023.
             Slain by a gnoll
             ... wielding a +0 spear
              (1 damage)
             ... on level 2 of the Dungeon.
             The game lasted 00:11:08 (1628 turns).

Racksonjoss101 the Firebug (DsFE)                   Turns: 1628, Time: 00:11:08

Health: 0/19       AC:  3    Str:  8    XL:     2   Next: 86%
Magic:  1/5        EV: 12    Int: 16    God:
Gold:   58         SH:  0    Dex: 13    Spells: 4/5 levels left

rFire   . . .      SeeInvis .   d - +1 whip
rCold   . . .      Faith    .   (no shield)
rNeg    . . .      Spirit   .   a - +0 robe
rPois   .          Reflect  .   (no helmet)
rElec   .          Harm     .   (no cloak)
rCorr   .          Rampage  .   c - +0 pair of gloves
Will    .....                   (no boots)
Stlth   ++........              (no amulet)
HPRegen 0.06/turn               (no ring)
MPRegen 0.09/turn               (no ring)

@: no status effects
A: powered by pain 1
a: no special abilities


You were on level 2 of the Dungeon.
You visited 1 branch of the dungeon, and saw 2 of its levels.

You collected 58 gold pieces.

Inventory:

Hand Weapons
 d - a +1 whip (weapon)
 f - a +0 club
 g - a +0 long sword
 i - a +0 whip
 k - a +0 club
 n - a +0 club
 p - a +0 rapier
Missiles
 j - 16 stones
Armour
 a - a +0 robe (worn)
 c - a +0 pair of gloves (worn)
 e - a +0 leather armour
 m - a +0 robe
Scrolls
 l - a scroll of teleportation {unknown}
 o - a scroll of identify {unknown}
Potions
 b - a potion of magic
 h - a potion of resistance {unknown}


   Skills:
 + Level 0.2 Fighting
 + Level 2.1 Dodging
 + Level 2.0 Stealth
 + Level 2.1 Spellcasting
 + Level 1.1 Conjurations
 + Level 3.1 Fire Magic


You had 4 spell levels left.
You knew the following spells:

 Your Spells              Type           Power      Damage    Failure   Level
a - Foxfire               Conj/Fire      32%        2x1d5     9%          1

Your spell library contained the following spells:

 Spells                   Type           Power      Damage    Failure   Level
 Scorch                   Fire           22%        2d6       9%          2
 Conjure Flame            Conj/Fire      8%         6-21      26%         3
 Inner Flame              Hex/Fire       6%         N/A       32%         3
 Gell's Gravitas          Tloc           1%         N/A       52%         3
 Lesser Beckoning         Tloc           1%         N/A       52%         3
 Teleport Other           Tloc           1%         N/A       52%         3
 Flame Wave               Conj/Fire      8%         2d5       63%         4


Dungeon Overview and Level Annotations

Branches:
Dungeon (2/15)

Altars:

Shops:
D:2 =


Innate Abilities, Weirdness & Mutations

You sometimes gain a little power by taking damage.


Message History

The foxfire hits the gnoll.
The gnoll is heavily wounded.
The gnoll hits you but does no damage.
Casting: Foxfire (safe; 9% risk of failure)
Confirm with . or Enter, or press ? or * to list all spells.
You conjure some foxfire!
The gnoll hits you from afar with a +0 spear.
* * * LOW HITPOINT WARNING * * *
Casting: Foxfire (safe; 9% risk of failure)
Confirm with . or Enter, or press ? or * to list all spells.
There is not enough space to conjure foxfire!
Casting: Foxfire (safe; 9% risk of failure)
Confirm with . or Enter, or press ? or * to list all spells.
There is not enough space to conjure foxfire!
Casting: Foxfire (safe; 9% risk of failure)
Confirm with . or Enter, or press ? or * to list all spells.
There is not enough space to conjure foxfire!
Casting: Foxfire (safe; 9% risk of failure)
Confirm with . or Enter, or press ? or * to list all spells.
There is not enough space to conjure foxfire!
The foxfire hits the gnoll.
The gnoll is severely wounded.
The gnoll barely misses you.
Casting: Foxfire (safe; 9% risk of failure)
Confirm with . or Enter, or press ? or * to list all spells.
You conjure some foxfire!
The gnoll barely misses you.
Casting: Foxfire (safe; 9% risk of failure)
Confirm with . or Enter, or press ? or * to list all spells.
You don't know that spell.
Your foxfire dissipates!
The gnoll hits you with a +0 spear.
* * * LOW HITPOINT WARNING * * *
Your foxfire dissipates!
The gnoll closely misses you.
Your foxfire dissipates!
Casting: Foxfire (safe; 9% risk of failure)
Confirm with . or Enter, or press ? or * to list all spells.
You don't have enough magic to cast this spell.
The gnoll hits you from afar with a +0 spear.
You die...

.. ##.# #r.#
#g# #g# #g#
########g#
##......#.#
##........@#
#..........#
#..........#
#..........#
#..........#
#..........#
##........##
##........##
#..........#


You could see 4 gnolls and a rat.

Vanquished Creatures
  A worm (D:2)
  An endoplasm (D:2)
  2 hobgoblins
  3 ball pythons
  4 bats
  A frilled lizard (D:2)
  3 goblins
  2 kobolds (D:1)
  8 rats
25 creatures vanquished.

Vanquished Creatures (others)
  35 foxfires
  9 plants (D:1)
44 creatures vanquished.

Grand Total: 69 creatures vanquished

Notes
Turn   | Place    | Note
-------+----------+-------------------------------------------
     0 | D:1      | Racksonjoss101 the Demonspawn Fire Elementalist began the
                  | quest for the Orb.
     0 | D:1      | Reached XP level 1. HP: 13/13 MP: 3/3
   527 | D:1      | Reached skill level 3 in Fire Magic
   563 | D:1      | Gained mutation: You sometimes gain a little power by
                  | taking damage. [demonic ancestry]
   563 | D:1      | Reached XP level 2. HP: 6/19 MP: 1/5
  1612 | D:2      | Found Qacky's Jewellery Boutique.
  1628 | D:2      | Slain by a gnoll

Illustrated notes

Levels and vault maps discovered:
D:1:      dpeg_arrival_ratfight, layout_loops_ring, serial_bayou,
          serial_bayou_pond_a, serial_bayou_pond_e, serial_bayou_shore_b,
          serial_bayou_shore_b
D:2:      layout_rooms, serial_shops, shop

Skill      XL: |  1  2 |
---------------+-------+-----
Fire Magic     | 3 |  3.1
Dodging        | 2 |  2.1
Stealth        | 2 |  2.0
Fighting       | |  0.2
Spellcasting   | |  2.1
Conjurations   | |  1.1

Action                   || total
-------------------------++-------
Melee: Whip              ||    83
       Punch             ||     1
 Cast: Foxfire           ||    31
  Use: Scroll            ||     1
 Stab: Sleeping          ||     1
Armor: Robe              ||    30
Dodge: Dodged            ||    66
